 Dungeon Sprint DCSS version 0.30-a0-802-gb92711bcdf (webtiles) character file.

Game seed: 3968861093137254971

14 BigDaddyOpFi the Ducker (level 6, -2/49 HPs)
             Began as an Octopode Fighter on Feb 23, 2023.
             Slain by a killer bee (9 damage)
             ... in the Dungeon (Sprint VI: "Thunderdome").
             The game lasted 00:01:07 (212 turns).

BigDaddyOpFi the Ducker (Octopode Fighter)           Turns: 212, Time: 00:01:08

Health: -2/49      AC:  1    Str: 22    XL:     6   Next: 26%
Magic:  6/6        EV: 13    Int: 17    God:
Gold:   40         SH:  5    Dex:  7    Spells: 5/5 levels left

rFire   . . .      SeeInvis +    a - +0 war axe
rCold   + + .      Faith    .    b - +0 buckler
rNeg    + + .      Spirit   .    (helmet restricted)
rPois   .          Reflect  .    o - amulet "Raosaeg" {RegenMP rElec rC++ rN+ Dex-4}
rElec   +          Harm     .    n - ring "Tagohism" {Fly rN+ SInv}
rCorr   .          Rampage  .    p - ring of Wesiuc {Fly Will- Str+5}
Will    .....      NoTele   +    q - ring of Tiseug {Contam +Blink Fly rElec Int+6}
Stlth   ++                       (no ring)
HPRegen 0.28/turn                (no ring)
MPRegen 0.50/turn                (no ring)
                                 (no ring)
                                 (no ring)

@: lethally poisoned (-2 -> -13), flying
A: almost no armour, amphibious, 8 rings, camouflage 1, gelatinous body 1,
(nimble swimmer 1), tentacles
a: Evoke Blink


You were in the Dungeon.
You visited 1 branch You collected 220 gold pieces.
You spent 180 gold pieces at shops.

Inventory:

Hand Weapons
 a - a +0 war axe (weapon)
Armour
 b - a +0 buckler (worn)
Jewellery
 n - the ring "Tagohism" (left tentacle) {Fly rN+ SInv}
   (You bought it in a shop in the Dungeon)

   [ring of flight]

   rN:        It protects you from negative energy.
   SInv:      It lets you see invisible.
   Fly:       It grants you flight.
 o - the amulet "Raosaeg" (around mantle) {RegenMP rElec rC++ rN+ Dex-4}
   (You bought it in a shop in the Dungeon)

   [amulet of magic regeneration]

   It increases your rate of magic regeneration.
   Dex:       It affects your dexterity (-4).
   rC:        It greatly protects you from cold.
   rElec:     It insulates you from electricity.
   rN:        It protects you from negative energy.
 p - the ring of Wesiuc (right tentacle) {Fly Will- Str+5}
   (You bought it in a shop in the Dungeon)

   [ring of flight]

   Str:       It affects your strength (+5).
   Fly:       It grants you flight.
   Will:      It decreases your willpower.
 q - the ring of Tiseug (on tentacle) {Contam +Blink Fly rElec Int+6}
   (You bought it in a shop in the Dungeon)

   [ring of flight]

   Int:       It affects your intelligence (+6).
   rElec:     It insulates you from electricity.
   Fly:       It grants you flight.
   +Blink:    It lets you blink.
   Contam:    It causes magical contamination when unequipped.
Wands
 k - a wand of light (5)
 l - a wand of iceblast (5)
Scrolls
 i - 4 scrolls of blinking
 m - 3 scrolls of fog
Potions
 d - a potion of curing
 e - 4 potions of heal wounds
 f - 4 potions of haste
 g - 2 potions of magic
 h - a potion of berserk rage
 j - a potion of resistance


   Skills:
 + Level 7.0 Fighting
 + Level 6.6 Axes
 + Level 7.0 Dodging
 + Level 7.0 Shields


You had 5 spell levels left.
You didn't know any spells.
Your spell library was empty.

Dungeon Overview and Level Annotations

Branches:
Dungeon (1/1)

Altars:
Cheibriados
Dithmenos
Fedhas
Gozag
Kikubaaqudgha
Makhleb
Okawaru
Qazlal
Ru
Sif Muna
Trog
Uskayaw
Vehumet
Wu Jian
Xom
Yredelemnul
Zin
The Shining One
Lugonu

Shops:
D *[??*?*:[((!!!!


Innate Abilities, Weirdness & Mutations

You cannot wear most types of armour.
You are amphibious.
You can wear up to eight rings at the same time.
Your skin changes colour to match your surroundings (Stealth+).
Your rubbery body absorbs attacks. (AC +1, EV +1)
((You are camouflaged when in or above water. (Stealth+)))
You have tentacles for arms and can constrict up to eight enemies at once.


Message History

Your Dodging skill increases to level 7!
Your Shields skill increases to level 7!
You feel sick.
You feel sick.
You feel sick.
You feel sick.
There is a basalt altar of Yredelemnul here.
You feel sick.
You start resting.
You feel sick. x2
You are no longer poisoned.
You start resting.
A scorpion comes into view. x2
A killer bee comes into view.
Things that are here:
a +0 club; a goblin corpse You hit the scorpion.
Your grab misses the scorpion.
The scorpion is lightly wounded.
The scorpion stings you.
You are poisoned.
The scorpion poisons you! The scorpion closely misses you.
You hit the scorpion but do no damage. You grab the scorpion.
You tentacle-slap the scorpion.
The scorpion is moderately wounded.
You closely miss the killer bee. 50... You constrict the scorpion.
You feel very sick. The killer bee closely misses you. The scorpion stings you.
The killer bee stings you!
* * * LOW HITPOINT WARNING * * *
You are lethally poisoned!
The killer bee poisons you!
You hit the scorpion but do no damage.
The scorpion is moderately wounded.
You hit the killer bee but do no damage.
You constrict the scorpion.
* * * LOW HITPOINT WARNING * * *
You feel very sick. The killer bee stings you!
You die...

#.............###.............#
#⌠......[...###...###..........⌠
#⌠.......)..# #.<.# #..........⌠
#⌠..........###...###..........⌠
##........[....###.............#
###∩........8.# #.8........∩###
##∩___...s.[###......___∩##
######.8.........8.######
#⌠..)y@s.....⌠# ###.........###
#_......._# #_......._#
#_........# #∩.......∩#
##∩.....∩## ##.....## ##⌠⌠⌠##


You could see 2 scorpions and a killer bee.

Vanquished Creatures
  Sigmund (D)
  A scorpion (D)
  Terence (D)
  Jessica (D)
  An adder (D)
  2 goblins (D)
7 creatures vanquished.

Notes
Turn   | Place    | Note
-------+----------+-------------------------------------------
     0 | D        | BigDaddyOpFi the Octopode Fighter began the quest for the
                  | Orb.
     0 | D        | Reached XP level 1. HP: 16/16 MP: 1/1
     3 | D        | Found a corrupted altar of Lugonu.
     3 | D        | Found a sacrificial altar of Ru.
     4 | D        | Found an opulent altar of Gozag.
     4 | D        | Found a stormy altar of Qazlal.
     5 | D        | Found a radiant altar of Vehumet.
     5 | D        | Found an ancient bone altar of Kikubaaqudgha.
     5 | D        | Round 1.
     6 | D        | Found a shimmering altar of Xom.
     6 | D        | Found a burning altar of Makhleb.
     6 | D        | Found Pikker's Identification Station.
     7 | D        | Found Ecabiv's Jewellery.
     7 | D        | Found Lacs's Advanced Armour.
     7 | D        | Noticed Jessica
    12 | D        | Killed Jessica
    13 | D        | Reached XP level 2. HP: 18/22 MP: 2/2
    13 | D        | Reached XP level 3. HP: 22/27 MP: 3/3
    18 | D        | Bought a bound granite ring for 45 gold pieces
    18 | D        | Identified the ring "Tagohism" {Fly rN+ SInv} (You bought
                  | it in a shop in the Dungeon)
    18 | D        | Bought a faintly glowing platinum amulet for 45 gold pieces
    18 | D        | Identified the amulet "Raosaeg" {RegenMP rElec rC++ rN+
                  | Dex-4} (You bought it in a shop in the Dungeon)
    18 | D        | Bought a bound platinum ring for 45 gold pieces
    18 | D        | Identified the ring of Wesiuc {Fly Will- Str+5} (You bought
                  | it in a shop in the Dungeon)
    18 | D        | Bought a bound tin ring for 45 gold pieces
    18 | D        | Identified the ring of Tiseug {Contam +Blink Fly rElec
                  | Int+6} (You bought it in a shop in the Dungeon)
    46 | D        | Noticed Terence
    47 | D        | Noticed Sigmund
    51 | D        | Found a basalt altar of Yredelemnul.
    53 | D        | Killed Terence
    54 | D        | Reached XP level 4. HP: 32/34 MP: 4/4
    54 | D        | Found a glowing silver altar of Zin.
    55 | D        | Found a shimmering blue altar of Sif Muna.
    56 | D        | Found a shadowy altar of Dithmenos.
    56 | D        | Found an iron altar of Okawaru.
    56 | D        | Found Maosch's Premium Goods.
    56 | D        | Found Houpiwis's Weapon Rack.
    58 | D        | Killed Sigmund
    59 | D        | Reached XP level 5. HP: 27/42 MP: 5/5
    60 | D        | Found Ytauk's Miscellaneous Merchandise.
    60 | D        | Found Xoib's Basic Armour.
    62 | D        | Found a snail-covered altar of Cheibriados.
    63 | D        | Found a bloodstained altar of Trog.
    65 | D        | Found Fofo's Do-It-Yourself Clinic.
    65 | D        | Found a glowing golden altar of the Shining One.
    65 | D        | Found Violigus's Distillery.
    66 | D        | Found Ezu Ati's Bottled Wisdom.
    66 | D        | Found Keagoap's Distillery.
    70 | D        | Found a blossoming altar of Fedhas.
    71 | D        | Found an ornate altar of the Wu Jian Council.
    72 | D        | Found a hide-covered altar of Uskayaw.
    72 | D        | Found Heyrei's Staff Store.
    72 | D        | Found Yjoff's Magic Scroll Shop.
    73 | D        | Found Muit's Must-Have Magic.
    73 | D        | Found Camoqios's Magic Scroll Shop.
    91 | D        | Arena points: 14 (+14) [x2]
    92 | D        | Reached XP level 6. HP: 40/47 MP: 6/6
   159 | D        | Round 2.
   212 | D        | Slain by a killer bee

Illustrated notes

Levels and vault maps discovered:
D:        arena_sprint

Skill      XL: |  1  2  3  4  5  6 |
---------------+-------------------+-----
Fighting       | 4 6 7 |  7.0
Axes           | 3 4 6 |  6.6
Dodging        | 4 6 7 |  7.0
Shields        | 4 6 7 |  7.0

Action                     |  1- 3 |  4- 6 || total
---------------------------+-------+-------++-------
  Melee: War axe           |     9 |    10 ||    19
         Constrict         |     4 |     2 ||     6
         Tentacles         |     2 |     2 ||     4
         Punch             |       |     1 ||     1
    Use: Potion            |     1 |       ||     1
 Armour: Skin              |       |     1 ||     1
  Dodge: Dodged            |     3 |     6 ||     9
  Block: Buckler           |     3 |       ||     3

Table legend: (Time is in decaauts)
 A = Elapsed time spent in this place.
 B = Non-inter-level travel time spent in this place.
 C = Inter-level travel time spent in this place.
 D = Time resting spent in this place.
 E = Time spent auto-exploring this place.
 F = Levels seen in this place.
 G = Mean time per level.
                   A        B        C        D        E       F      G
               +--------+--------+--------+--------+--------+-----+--------+
         Total |    216 |    216 |      0 |     22 |      0 |   1 |  216.0 |
       Dungeon |    216 |    216 |      0 |     22 |      0 |   1 |  216.0 |
               +--------+--------+--------+--------+--------+-----+--------+

Top non-repeatable levels by time:
       D: 216 daAuts
